 Dungeon Crawl Stone Soup version 0.20.0-7-g3b7b877 (webtiles) character file.

64 Kosschaser the Skirmisher (level 3, -2/33 HPs)
             Began as a Draconian Abyssal Knight on May 29, 2017.
             Was a Believer of Lugonu.
             Slain by a phantom (8 damage)
             ... on level 4 of the Dungeon.
             The game lasted 00:06:01 (2268 turns).

Kosschaser the Skirmisher (DrAK)                    Turns: 2268, Time: 00:06:02

Health: -2/33      AC:  6    Str: 14    XL:     3   Next: 91%
Magic:  4/4        EV: 12    Int: 12    God:    Lugonu [**....]
Gold:   112        SH:  0    Dex: 11    Spells: 2/2 levels left

rFire    . . .     SeeInvis .   a - +1 falchion
rCold    . . .     Gourm    .   (no shield)
rNeg     . . .     Faith    .   (armour unavailable)
rPois    .         Spirit   .   (helmet restricted)
rElec    .         Reflect  .   (no cloak)
rCorr    .         Harm     .   i - +0 pair of gloves
MR       .....                  (no boots)
Stlth    +.........             (no amulet)
Regen    0.2/turn               (no ring)
MPRegen  0.1/turn               (no ring)

@: no status effects
A: unfitting armour, cold-blooded, AC +5
a: Depart the Abyss, Bend Space, Renounce Religion


You were on level 4 of the Dungeon.
You worshipped Lugonu.
Lugonu was pleased with you.
You were very hungry.

You visited 1 branch of the dungeon, and saw 4 of its levels.
You visited the Abyss 1 time.

You collected 112 gold pieces.

Inventory:

Hand Weapons
 a - a +1 falchion (weapon)
Armour
 i - a +0 pair of gloves (worn)
Scrolls
 d - 2 scrolls of identify {unknown}
 e - 2 scrolls of enchant weapon {unknown}
 f - a scroll of remove curse {unknown}
 g - a scroll of recharging {unknown}
 j - a scroll of blinking {unknown}
 k - 2 scrolls of teleportation {unknown}
 p - a scroll of amnesia {unknown}
Potions
 c - 2 potions of flight {unknown}
 h - a potion of magic {unknown}
 l - 2 potions of mutation {unknown}
 n - 2 potions of brilliance {unknown}
 o - a potion of curing {unknown}
Comestibles
 b - a bread ration
 m - a royal jelly


   Skills:
 + Level 4.2 Fighting
 + Level 3.1 Long Blades
 + Level 2.4 Dodging
 + Level 2.0 Invocations


You had 2 spell levels left.
You didn't know any spells.

Dungeon Overview and Level Annotations

Branches:
Dungeon (4/15)
 Temple: D:4-7

Altars:

Annotations:
D:3 Sigmund


Innate Abilities, Weirdness & Mutations

Your plain brown scales are hard. (AC +5)
You cannot fit into any form of body armour.
You are cold-blooded and may be slowed by cold attacks.


Message History

The phantom blinks!
You miss the phantom.
Your tail-slap misses the phantom.
The phantom is heavily damaged.
The phantom hits you.
* * * LOW HITPOINT WARNING * * *
You hit the phantom.
The phantom is heavily damaged.
The phantom closely misses you.
Found a ring mail.
There is a stone staircase leading down here.
The phantom hits you but does no damage.
You closely miss the phantom.
The phantom is heavily damaged.
The phantom barely misses you.
You riposte.
You hit the phantom but do no damage.
The phantom is heavily damaged.
You closely miss the phantom.
The phantom is heavily damaged.
The phantom hits you!
You die...

#... ... .. #.# .....
[. ....... #.## .....
#..# ... #@# #####.#
######W####..
#.....###.............
#..............######.
#.........)....#
#.<...##.......#
#####.##.......#
#..###?......# #.##
#.......#


You could see a phantom.

Vanquished Creatures
  3 worms
  3 leopard geckos (D:2)
  An orc (D:4)
  5 giant cockroaches
  3 goblins (D:2)
  8 hobgoblins
  2 kobolds
  3 ball pythons
  11 bats
  7 frilled lizards
  4 rats
50 creatures vanquished.

Notes
Turn   | Place    | Note
-------+----------+-------------------------------------------
     0 | Abyss:1  | Kosschaser the Draconian Abyssal Knight began the quest for the Orb.
     0 | Abyss:1  | Reached XP level 1. HP: 19/19 MP: 2/2
    84 | D:1      | Escaped the Abyss
   114 | D:1      | Reached * piety under Lugonu
   312 | D:1      | Reached XP level 2. HP: 22/27 MP: 3/3
   588 | D:1      | Reached skill level 4 in Fighting
  1069 | D:2      | Reached XP level 3. HP: 25/33 MP: 4/4
  1246 | D:2      | Reached ** piety under Lugonu
  1916 | D:3      | Noticed an ogre
  2204 | D:3      | Noticed Sigmund
  2242 | D:4      | Noticed a phantom
  2268 | D:4      | Slain by a phantom

Skill      XL: |  1  2  3 |
---------------+----------+-----
Fighting       | 4 |  4.2
Long Blades    | 3 |  3.1
Dodging        | |  2.4
Invocations    | |  2.0

Action                   || total
-------------------------++-------
Melee: Falchion          ||   145
       Tailslap          ||    14
Invok: Depart the Abyss  ||     1
 Stab: Sleeping          ||     1
  Eat: Chunk             ||     3
Armor: Skin              ||    66
Dodge: Dodged            ||   121
       Rpst.: Falchion   ||    43
